[Event "Silver Lake Festival 2022"]
[Site "Veliko Gradiste"]
[Date "2022.06.19"]
[Round "1.11"]
[White "Manish Anto Cristiano F"]
[Black "Tadic, Stefan"]
[Result "1/2-1/2"]
[ECO "A91"]
[WhiteElo "2071"]
[BlackElo "2358"]
[Annotator "TA"]
[PlyCount "93"]
[EventDate "2022.06.16"]
[EventType "swiss"]
[EventCountry "SRB"]
[SourceTitle "playchess.com"]
[Source "ChessBase"]
[SourceQuality "1"]
[TimeControl "5400+30"]

1. d4 f5 2. c4 e6 3. g3 Nf6 4. Bg2 d5 5. Nc3 Be7 6. Nf3 {[%emt 0:00:30] A91: Classical Dutch: Early Deviations.} Ne4 7. O-O Nc6 8. Qb3 {[%emt 0:00:30][%cal Rc4d5] [#] White is slightly better.} Na5 $146 ({Predecessor:} 8... Nxc3 9. bxc3 O-O 10. cxd5 exd5 11. Nd2 Be6 12. Qxb7 Qd7 13. Qa6 f4 14. Ba3 Bxa3 15. Qxa3 {1-0 (25) Tratar,M (2340)-Kolar,S (2300) Slovenia 1991}) 9. Qa4+ c6 10. cxd5 {[%emt 0:00:30] [#] And now Nxe4 would win.} Nxc3 11. bxc3 b5 12. Qc2 {[%emt 0:00:30] Threatens to win with dxc6.} cxd5 13. a4 Bd7 14. Ne5 {[%emt 0:00:30] [#] aiming for axb5.} O-O 15. Nxd7 (15. g4 {looks sharper.} fxg4 16. e4 bxa4 17. exd5 Nb3 18. Ra2) 15... Qxd7 16. axb5 Qxb5 17. Bf4 Nc4 {[%emt 0:00:30] The position is equal.} 18. Rfb1 Qc6 19. Qa4 Rfc8 20. Qxc6 Rxc6 21. Rb7 Bd6 22. Raxa7 (22. Bxd6 {is interesting.} Nxd6 23. Re7 Re8 24. Rd7) 22... Rxa7 23. Rxa7 Bxf4 24. gxf4 $11 {[%emt 0:00:30][%mdl 4096] Endgame KRB-KRN} Nd6 25. Bf3 Rxc3 26. e3 Rc6 27. Kg2 Nc8 28. Rb7 Kf8 29. Bh5 g6 30. Be2 Ne7 31. Bb5 Rd6 32. Rb8+ Kf7 33. Kf3 h6 34. Ke2 g5 35. fxg5 hxg5 36. Kd3 f4 37. exf4 gxf4 38. h4 Nf5 39. Kc3 Nxh4 40. Kb4 Ke7 41. Re8+ Kf7 42. Kc5 {[%emt 0:00:30] Prevents Rb6.} Nf5 43. Ra8 Ke7 44. Ra7+ Kf6 {[%emt 0:00:30] Hoping for ...Rd8.} 45. Ra8 {[%emt 0:00:30] Prevents Rd8.} Ke7 46. Ra7+ Kf6 {[%emt 0:00:30] White must now prevent ...Rd8.} 47. Ra8 {[%emt 0:00:00] Inhibits Rd8.  Weighted Error Value: White=0.03 (flawless) /Black=0.03 (flawless)} 1/2-1/2

[Event "Silver Lake Festival 2022"]
[Site "Veliko Gradiste"]
[Date "2022.06.19"]
[Round "1.12"]
[White "Martic, Ivan"]
[Black "Hng, Mei-En Emmanuelle"]
[Result "1-0"]
[ECO "A61"]
[WhiteElo "2314"]
[BlackElo "2000"]
[Annotator "TA"]
[PlyCount "117"]
[EventDate "2022.06.16"]
[EventType "swiss"]
[EventCountry "SRB"]
[SourceTitle "playchess.com"]
[Source "ChessBase"]
[SourceQuality "1"]
[TimeControl "5400+30"]

1. d4 Nf6 2. Nf3 e6 3. c4 c5 4. d5 exd5 5. cxd5 d6 6. Nc3 g6 7. h3 Bg7 8. Bf4 O-O 9. e3 a6 10. a4 Nh5 11. Bh2 f5 12. Be2 {[%emt 0:00:30] A61: Modern Benoni: Nf3 without early e4.} Qe7 13. O-O Nd7 14. Nd2 {[%emt 0:00:30][%cal Bf3d2,Bd2c4,Bc4b6][%mdl 32] White is better.} Nhf6 15. Nc4 Ne8 16. a5 Ne5 17. Nb6 $1 Rb8 18. Rb1 g5 19. Qd2 {[%emt 0:00:30] [#]} Qf6 $146 ({Predecessor:} 19... g4 20. f4 gxf3 21. Bxf3 Nf6 22. Be2 Nfd7 23. Nca4 Nf6 24. Nc3 Nfd7 25. Nxc8 Rbxc8 {1-0 (64) Ma,Z (2485)-Du,C (2409) Liaocheng 2021}) 20. f4 $36 {[%emt 0:00:30][%mdl 2048] Black is under strong pressure.} gxf4 21. exf4 (21. Rxf4 $16 Bh6 22. Rf2) 21... Nd7 $14 22. Nca4 {[%emt 0:00:30] 0x0.000bd732541fdp-1022s more active pieces. The black rooks are badly placed.} Nc7 23. b4 Re8 (23... Qd4+ $142 24. Qxd4 Bxd4+ 25. Kh1 Nb5) 24. Kh1 $1 $16 Nxb6 25. Nxb6 ({Don't do} 25. axb6 $6 Nb5 $16) 25... Qd4 26. Qxd4 Bxd4 27. Bh5 Rd8 28. Bg1 Nb5 (28... Bd7 $16 29. Rfe1 Bb5) 29. Bxd4 $18 cxd4 30. Rbe1 (30. Rbd1 $1 $18) 30... Kf8 (30... Bd7 $16 {is a better defense.}) 31. Be2 {[%emt 0:00:30] Strongly threatening Bxb5.} Nc3 32. Bd3 Kf7 (32... h5 $16 {was called for.} 33. Rf2 Bd7) 33. Kh2 Kf6 34. Rf2 Bd7 35. Rd2 Nb5 $2 (35... Ne4) 36. Nxd7+ Rxd7 37. Re6+ Kg7 38. Bxf5 Rf8 39. g4 Rc7 40. Kg3 Rc3+ 41. Kh4 Rf7 42. Re4 (42. Bd3 $18) 42... Rb3 {[%emt 0:00:30] [#]} (42... Re3 $16) 43. Be6 $1 Rc7 (43... Re3 $142) 44. g5 h6 45. Rg2 (45. f5 $142) 45... Re3 46. Bf5 Rxe4 $2 (46... hxg5+ {is a better chance.} 47. Rxg5+ (47. Kxg5 Rcc3 $16) 47... Kf8) 47. gxh6+ (47. Bxe4 hxg5+ 48. Kxg5 (48. Rxg5+ Kf7 $16) 48... Nc3 $16) 47... Kxh6 48. Rg6+ Kh7 49. Bxe4 {[%emt 0:00:30][%mdl 4096] Endgame KRB-KRN} ({Weaker is} 49. Rxd6+ Kg7 50. Rg6+ Kf8 51. Bxe4 Nc3 $16) 49... Kh8 50. Rh6+ Kg8 51. Kg5 {[%emt 0:00:30] Hoping for Bd3.} Nc3 (51... Rg7+ $142 52. Kh4 Rg1) 52. Bf5 $2 (52. Re6 $18 {and White stays clearly on top.}) 52... Rg7+ $16 53. Kf6 {[%emt 0:00:30] Intending Be6+ and mate.} Rf7+ (53... Nxd5+ $16 {was worth a try.} 54. Ke6 Nxb4) 54. Kg5 (54. Ke6 $18 {and the rest is easy.}) 54... Rg7+ {[%emt 0:00:30] [#]} 55. Kh4 $1 {[%emt 0:00:30] Threatens to win with Be6+.} Na2 $2 (55... Rf7 $16 56. Bd3 Na2) 56. Be6+ Kf8 57. f5 {[%emt 0:00:30][%cal Bf4f5,Bf5f6,Bf6f7][%mdl 32] White wants to mate with f6.} d3 58. f6 Rg8 59. f7 {[%emt 0:00:30] Weighted Error Value: White=0.40/Black=0.77} 1-0

[Event "Silver Lake Festival 2022"]
[Site "Veliko Gradiste"]
[Date "2022.06.20"]
[Round "2.1"]
[White "Zanan, Evgeny"]
[Black "Govedarica, Radovan"]
[Result "1-0"]
[ECO "D52"]
[WhiteElo "2534"]
[BlackElo "2289"]
[Annotator "TA"]
[PlyCount "77"]
[EventDate "2022.06.16"]
[EventType "swiss"]
[EventCountry "SRB"]
[SourceTitle "playchess.com"]
[Source "ChessBase"]
[SourceQuality "1"]
[TimeControl "5400+30"]

1. d4 Nf6 2. c4 e6 3. Nf3 d5 4. Nc3 c6 5. Bg5 Nbd7 6. e3 Bb4 7. Qc2 Qa5 8. Nd2 dxc4 9. Bxf6 Nxf6 10. Nxc4 {[%emt 0:00:08] Pair of Knights!} Qd8 {[%emt 0:05:23] D52: Queen's Gambit Declined: Cambridge Springs Variation.} 11. a3 Be7 12. g3 O-O {[%emt 0:00:08] White is slightly better.} 13. Bg2 Bd7 14. O-O {[%emt 0:01:42] [#]} Rc8 $146 ({Predecessor:} 14... a5 15. Ne5 Be8 16. Rfd1 Nd7 17. Nd3 Qb6 18. b4 Nf6 19. Na4 Qa7 20. Qb2 Rb8 {½-½ (65) Potomak,V (2222)-Kaminsky,R (2108) Czech Republic 2012}) 15. b4 Qc7 16. Qb3 (16. Rfd1 $14) 16... Rfd8 17. Rac1 Qb8 18. Ne5 Be8 19. Ne4 Nxe4 20. Bxe4 g6 21. Kg2 Kg7 22. h4 h5 23. Rc2 Qd6 24. Rfc1 Ra8 25. Nc4 Qc7 26. a4 a6 27. a5 Rab8 28. Ne5 Qd6 29. Nd3 {[%emt 0:00:20] 0x0.00207be0e97adp-1022s more active pieces.} Bf6 30. Rc5 {[%emt 0:00:50] Against e5} Qf8 31. Nf4 {[%emt 0:01:59][%cal Oe4g6] Threatens to win with Bxg6!} Be7 $2 {[%emt 0:02:29] [#] This costs Black the game.} (31... Qe7 $16 {was called for.}) 32. Bxg6 $1 $18 Bxc5 33. Rxc5 (33. bxc5 $6 Qe7 $16) 33... Kf6 $2 (33... Rd5 34. Nxd5 (34. Bxh5 Rxc5 35. bxc5 Qe7 $16) 34... exd5) 34. Bxh5 Qd6 (34... Ke7 $142 35. Rg5 Kd7) 35. Qc2 {[%emt 0:05:30] White is clearly winning.} Qf8 36. Qe4 Ke7 37. Bg4 ({Not} 37. Qe5 Rd6 38. g4 f6 $18) 37... Rd6 38. Qh7 {[%emt 0:03:22] [#] Prevents Qg7. Strongly threatening Ng6+.} ({Weaker is} 38. Qe5 f6 39. Qe4 (39. Nxe6 fxe5 40. Nxf8 Kxf8 $15) 39... Bf7 $18) 38... Bd7 39. Ng6+ {[%emt 0:00:08] Weighted Error Value: White=0.16 (very precise) /Black=0.37} 1-0

[Event "Silver Lake Festival 2022"]
[Site "Veliko Gradiste"]
[Date "2022.06.20"]
[Round "2.2"]
[White "Manakova, Maria"]
[Black "Strikovic, Aleksa"]
[Result "0-1"]
[ECO "B07"]
[WhiteElo "2278"]
[BlackElo "2502"]
[Annotator "TA"]
[PlyCount "86"]
[EventDate "2022.06.16"]
[EventType "swiss"]
[EventCountry "SRB"]
[SourceTitle "playchess.com"]
[Source "ChessBase"]
[SourceQuality "1"]
[TimeControl "5400+30"]

1. e4 d6 2. d4 Nf6 3. Nc3 e5 4. dxe5 dxe5 5. Qxd8+ Kxd8 6. Bc4 Ke8 $1 {[%emt 0:00:12][%mdl 4] is more profitable than 6...Be6 at the moment.} 7. Nf3 Bd6 8. h3 {[%emt 0:02:31] B07: Pirc Defence: Miscellaneous Systems.} a6 9. a4 b6 {[%emt 0:00:05] [#]} 10. Ng5 $146 {[%emt 0:02:46] White is slightly better.} ({Predecessor:} 10. Be3 Bb7 11. Nd2 Nbd7 12. g4 Bb4 13. f3 Bxc3 14. bxc3 Ke7 15. Ke2 Ne8 16. Rhb1 {1-0 (64) Ciorgovean,I (2276)-Gallego Alcaraz,A (2523) Bucharest 2022}) 10... Rf8 11. Nd5 Nbd7 12. f4 exf4 (12... Nh5 $142) 13. Bxf4 $11 Bxf4 14. Nxf4 Ne5 15. Bb3 Bb7 16. O-O-O Rd8 17. Nd5 Bxd5 18. exd5 {[%emt 0:00:13] Hoping for Rhe1.} Kd7 19. Rhe1 Rde8 {[%emt 0:00:48] [#]} (19... Kd6 $11 {remains equal.}) 20. Ne6 $1 $16 fxe6 21. dxe6+ Ke7 {[%emt 0:00:01] And now ...Ng6 would win.} 22. Rxe5 Rd8 23. Bc4 (23. Rf1 {is more complex.} Ng4 24. Rxf8 Nxe5 25. Rxd8 Kxd8 26. Kd2) 23... Rxd1+ 24. Kxd1 $14 {[%emt 0:00:14][%mdl 4096] Endgame KRB-KRN} a5 25. c3 Ne8 26. Ke2 Nd6 27. Bb3 Rf6 28. g4 Rf4 {[%emt 0:06:01] The position is equal.} 29. Bc2 g6 30. Bb3 c6 31. Re3 Ne4 32. Bc2 Rf2+ 33. Kd1 Nd6 34. b3 Rh2 35. Bd3 Ne8 36. Be4 c5 37. Bd5 Nd6 38. c4 g5 39. Ke1 Ne8 40. Kf1 {[%emt 0:00:49] [#] Threatens to win with Bg2.} Rd2 41. Re5 h6 42. h4 Nf6 43. hxg5 Nxg4 {[%emt 0:00:02][%mdl 32768] Weighted Error Value: White=0.07 (flawless) /Black=0.05 (flawless) . Loss on time!?} 0-1

[Event "Silver Lake Festival 2022"]
[Site "Veliko Gradiste"]
[Date "2022.06.20"]
[Round "2.3"]
[White "Stremavicius, Titas"]
[Black "Djokic, Mihailo"]
[Result "1-0"]
[ECO "E14"]
[WhiteElo "2508"]
[BlackElo "2194"]
[Annotator "TA"]
[PlyCount "95"]
[EventDate "2022.06.16"]
[EventType "swiss"]
[EventCountry "SRB"]
[SourceTitle "playchess.com"]
[Source "ChessBase"]
[SourceQuality "1"]
[TimeControl "5400+30"]

1. d4 Nf6 2. c4 e6 3. Nf3 b6 4. e3 Bb7 5. Bd3 Be7 6. O-O O-O 7. b3 Ne4 8. Qc2 f5 9. Nfd2 Nxd2 10. Nxd2 Nc6 {[%emt 0:00:10] E14: Queen's Indian: Classical Variation (4 e3).} 11. a3 {[%emt 0:00:27] Prevents Nb4.} Bf6 12. Bb2 {[%emt 0:00:12] [#]} g6 $146 {[%emt 0:05:10] White is slightly better.} ({Predecessor:} 12... Qe8 13. b4 Qg6 14. f3 Bg5 15. f4 Bxf4 16. Rf3 Bxe3+ 17. Rxe3 Nxd4 18. Rg3 Qxg3 19. hxg3 Nxc2 20. Bxc2 {½-½ (29) Genc,A (1734)-Akin,Y (1861) Ankara 2020}) 13. Nf3 Qe7 14. e4 fxe4 15. Bxe4 Qg7 16. Rab1 Rae8 17. Rfe1 Nd8 18. Ne5 d6 19. Bxb7 Nxb7 20. Nf3 Re7 21. Re2 Rfe8 22. Rbe1 c6 23. h4 Nd8 24. Qd3 Qh6 25. Qe4 Rf8 26. Qg4 Qh5 27. Qxh5 gxh5 28. Bc1 c5 29. d5 e5 30. g3 Rd7 {[%emt 0:01:56] [#]} 31. Nd2 $1 Nb7 32. Ne4 Bg7 33. Kg2 Na5 34. Rb2 h6 (34... Kf7 $16 35. Rb1 Nb7 36. Ng5+ Kg8) 35. Bd2 $18 Nb7 36. Rc2 Kh7 37. b4 {[%emt 0:03:01] White is more active.} cxb4 (37... Kg6 $16 38. f3 Kh7) 38. axb4 Rc8 39. Be3 Kg6 40. Ra1 Nd8 41. Kf3 Bf8 42. Ke2 Nf7 43. Kd3 Rdc7 44. Ra6 Kf5 45. f3 Be7 $2 {[%emt 0:00:08] [#]} (45... Kg6 46. c5 dxc5) 46. Rca2 {[%emt 0:00:53] White is clearly winning.} Ra8 47. Bxb6 Rb7 48. Rxa7 {[%emt 0:00:18] Weighted Error Value: White=0.07 (flawless) /Black=0.18 (very precise)} 1-0

[Event "Silver Lake Festival 2022"]
[Site "Veliko Gradiste"]
[Date "2022.06.20"]
[Round "2.4"]
[White "Ojas Kulkarni"]
[Black "Ramoutar, Alan-Safar"]
[Result "0-1"]
[ECO "B13"]
[WhiteElo "2235"]
[BlackElo "2477"]
[Annotator "TA"]
[PlyCount "50"]
[EventDate "2022.06.16"]
[EventType "swiss"]
[EventCountry "SRB"]
[SourceTitle "playchess.com"]
[Source "ChessBase"]
[SourceQuality "1"]
[TimeControl "5400+30"]

1. e4 c6 2. d4 d5 3. exd5 cxd5 4. c4 Nf6 5. Nc3 Nc6 6. Bg5 dxc4 7. Bxc4 {[%emt 0:00:12] The main line 7.Bxc4 scores better than 7.d5.} h6 {[%emt 0:00:37] B13: Caro-Kann: Exchange Variation and Panov-Botvinnik Attack.} 8. Bh4 Qxd4 9. Qxd4 Nxd4 {[%emt 0:00:05] The position is equal.} 10. O-O-O {[%emt 0:00:06][%cal Ba1d1,Bd1d4,Bd4h4][%mdl 32] Inhibits Nc2.} g5 (10... e5 $5 ) 11. Rxd4 gxh4 12. Nb5 e5 {[%emt 0:00:17] [#]} 13. Rxh4 $146 {[%emt 0:00:21] Strongly threatening Nc7+.} ({Predecessor:} 13. Nc7+ Ke7 14. Rxh4 Rb8 15. Nf3 e4 16. Ne5 Bg7 17. Rd1 Bf5 18. Rf4 Rhc8 19. Rxf5 Rxc7 20. Kb1 Rf8 21. Ng6+ {1-0 (21) Yan,T (2240)-Girya,O (2488) China 2019}) 13... Bc5 14. Nc7+ (14. Nf3 $1 $11) 14... Ke7 $15 15. Nxa8 Bxf2 16. g3 {[%emt 0:03:11] And now Nf3 would win.} Be3+ 17. Kd1 {[%emt 0:00:44] Black must now prevent Nf3.} Bg5 $36 {[%emt 0:22:43][%mdl 2048] White is under pressure. This bishop pair is nice.} (17... Bg4+ 18. Be2 Be6 19. Bc4 $1 (19. Nc7 Rc8 $15) 19... Bg4+ 20. Be2 $11) 18. Nc7 Bxh4 $17 19. gxh4 {[%emt 0:00:19] [#]} Bf5 (19... b5 $1 $17 {aiming for ...Bb7.} 20. Be2 (20. Nxb5 $2 Bb7 $19) 20... Bb7) 20. Be2 $2 {[%emt 0:09:18] This costs White the game.} (20. Nf3 $11 {and White has nothing to worry.} Rc8 21. Nxe5 (21. Nd5+ $2 Nxd5 22. Bxd5 Rd8 $19) 21... Rxc7 22. Re1) 20... Rd8+ $19 21. Ke1 Rc8 22. Nf3 ({Wrong is} 22. Nb5 $2 Be4 23. Nh3 Bxh1 $19) 22... Be4 ({Weaker is} 22... Rxc7 23. Nxe5 Rc1+ 24. Bd1) 23. Rf1 Bxf3 ({Inferior is} 23... Rxc7 24. Nxe5 Rc1+ 25. Bd1 $17) 24. Rxf3 {[%emt 0:02:44] Threatens to win with Rc3.} Rxc7 25. b3 (25. Bd1 {was worth a try.}) 25... Ne4 {[%emt 0:06:36] Weighted Error Value: White=0.35/Black=0.05 (flawless)} 0-1

[Event "Silver Lake Festival 2022"]
[Site "Veliko Gradiste"]
[Date "2022.06.20"]
[Round "2.5"]
[White "Damljanovic, Branko"]
[Black "Herega, Nejc"]
[Result "1-0"]
[ECO "A38"]
[WhiteElo "2469"]
[BlackElo "2160"]
[Annotator "TA"]
[PlyCount "129"]
[EventDate "2022.06.16"]
[EventType "swiss"]
[EventCountry "SRB"]
[SourceTitle "playchess.com"]
[Source "ChessBase"]
[SourceQuality "1"]
[TimeControl "5400+30"]

1. Nf3 Nf6 2. c4 c5 3. Nc3 Nc6 4. g3 g6 5. Bg2 Bg7 6. d4 cxd4 7. Nxd4 O-O 8. Nc2 d6 9. Bd2 {[%emt 0:01:54] A38: Symmetrical English vs ...g6: 4 Bg2 Bg7 5 Nf3 Nf6.} Be6 10. Ne3 {[%emt 0:00:10] [#]} Rc8 $146 ({Predecessor:} 10... Qd7 11. h3 Rab8 12. a4 a6 13. Rb1 Nd4 14. Ncd5 b5 15. cxb5 Nxd5 16. Nxd5 axb5 {0-1 (49) Bartholomew,J (2451)-Stukopin,A (2558) Brownsville 2016}) 11. b3 {[%emt 0:00:59] The position is equal.} Ng4 (11... Qd7 $1 $15) 12. Nxg4 Bxg4 13. h3 Be6 14. O-O b6 15. e3 a6 16. Qe2 Rc7 (16... Qd7 $11 {remains equal.}) 17. Rfc1 (17. Rac1 $16) 17... Qb8 18. Rab1 Rfc8 19. Nd5 Bxd5 20. cxd5 {[%emt 0:07:58][%mdl 64] Discovered Attack} Ne5 21. Qxa6 Rxc1+ 22. Rxc1 Rxc1+ 23. Bxc1 Qc7 $1 24. Bb2 Nf3+ {[%emt 0:01:37][%mdl 64] Discovered Attack} 25. Bxf3 Bxb2 $14 {[%emt 0:00:08][%mdl 4096] Endgame KQB-KQB} 26. Be2 Kg7 27. Bc4 Bc3 28. Kf1 h5 29. Kg2 Qc5 30. Qb7 Bf6 31. a4 h4 32. g4 Qb4 33. Qc6 Be5 34. Kf1 (34. Qb5 $1 $16 Qxb5 35. Bxb5) 34... Bc3 (34... Bh2 $1 $11) 35. Qb5 Qxb5 36. Bxb5 $16 {[%emt 0:00:01] KB-KB} g5 37. Ke2 e5 (37... f5 $16 {is a better defense.}) 38. dxe6 $1 $18 fxe6 39. Kd3 Be5 {[%emt 0:00:38][%mdl 8192] This costs Black the game.} (39... Be1 $16) 40. b4 d5 41. a5 bxa5 42. bxa5 Kf6 43. a6 {[%emt 0:00:36] a7 would kill now.} Bb8 {[%emt 0:00:02] [#]} 44. f4 $1 Ba7 45. Bc6 Bb6 46. Ke2 d4 47. exd4 (47. fxg5+ $142 Kxg5 48. exd4) 47... Bxd4 48. Kd3 Bg1 49. fxg5+ Kxg5 50. Bd7 Kf6 51. Bc8 Ke5 52. Kc4 Kd6 53. Kb5 Bf2 {[%emt 0:00:22] [#]} 54. Bxe6 $1 {[%emt 0:00:57][%mdl 512] Intending Bc4 and mate.} Kxe6 {[%emt 0:00:26] KB-K3P} 55. Kc6 {[%emt 0:00:01] White mates.} Ke5 56. Kb7 Kf4 57. a7 Bxa7 58. Kxa7 {[%emt 0:00:02] KPP-KP} Kg3 59. g5 Kxh3 {[%emt 0:00:04] KP-KP} 60. g6 Kh2 61. g7 h3 62. g8=Q Kh1 63. Qd5+ Kg1 64. Qd4+ Kg2 65. Qg4+ {[%emt 0:00:05] Weighted Error Value: White=0.10 (very precise) /Black=0.50} 1-0

[Event "Silver Lake Festival 2022"]
[Site "Veliko Gradiste"]
[Date "2022.06.20"]
[Round "2.6"]
[White "Creanga, Robert-Ionut"]
[Black "Mohammad Nubairshah Shaikh"]
[Result "0-1"]
[ECO "B47"]
[WhiteElo "2201"]
[BlackElo "2443"]
[Annotator "TA"]
[PlyCount "88"]
[EventDate "2022.06.16"]
[EventType "swiss"]
[EventCountry "SRB"]
[SourceTitle "playchess.com"]
[Source "ChessBase"]
[SourceQuality "1"]
[TimeControl "5400+30"]

1. e4 c5 2. Nf3 e6 3. d4 cxd4 4. Nxd4 Nc6 5. Nc3 Qc7 6. Qd3 {[%emt 0:02:07] B47: Sicilian: Taimanov: 5 Nc3 Qc7 6 f4, 6 g3 and 6 Be2.} Nf6 7. Ndb5 Qb8 8. Qg3 {[%emt 0:01:25] The position is equal.} d6 $1 9. Be3 a6 10. Nd4 Bd7 11. Bd3 $36 {[%emt 0:09:00][%mdl 2048] White has the initiative.} h5 {[%emt 0:03:04] [#]} 12. h3 $146 ({Predecessor:} 12. f4 b5 13. h3 Nxd4 14. Bxd4 b4 15. Nb1 Bc6 16. Nd2 Qb7 17. Qf3 Be7 18. O-O {1-0 (45) Deac,B (2625)-Alexakis,D (2450) Chess.com INT 2020}) 12... h4 13. Qf3 Ne5 14. Qd1 b5 15. a3 Be7 16. O-O Nc4 17. Bxc4 bxc4 18. Rb1 Qb7 19. Qf3 Rc8 20. Rfd1 Rh5 21. Nde2 {[%emt 0:00:00] [#]} (21. Bd2 $11) 21... Bc6 $1 $17 {[%emt 0:20:32][%cal Oh5f5] Threatens to win with ...Rf5!} 22. Bd4 $2 {[%emt 0:00:00] [#] This move loses the game for White.} (22. Nd4 $17) 22... Bxe4 (22... Rf5 $3 $19 {[%mdl 512] and Black stays clearly on top.} 23. Qe3 Nxe4) 23. Nxe4 Qxe4 24. Qxe4 Nxe4 25. f3 Nf6 {[%emt 0:00:29] Black is more active.} 26. b4 cxb3 27. cxb3 Rd5 28. Rdc1 (28. Kf1 $17) 28... Rxc1+ $19 29. Rxc1 e5 30. Bf2 Rd3 31. Bxh4 Rxb3 32. Ng3 g6 33. Bxf6 Bxf6 {[%emt 0:05:57][%mdl 4096] Endgame KRB-KRN} 34. Ne4 Be7 35. Rd1 Rb6 ({Wrong is} 35... Rxa3 $2 36. Nxd6+ Bxd6 37. Rxd6 $19) 36. Nc3 Kd7 37. Nd5 Rb3 38. a4 Bd8 39. Kh2 Ke6 40. f4 e4 {[%emt 0:00:00] And now ...e3 would win. Black is clearly winning.} 41. f5+ Kxf5 42. a5 Ke5 {[%emt 0:00:30] Strongly threatening ...Rd3.} 43. Nb6 Bxb6 44. axb6 Rxb6 {[%emt 0:04:31] Weighted Error Value: White=0.47/Black=0.07 (flawless)} 0-1

[Event "Silver Lake Festival 2022"]
[Site "Veliko Gradiste"]
[Date "2022.06.20"]
[Round "2.7"]
[White "Radovanovic, Nikola"]
[Black "Phatak Aanjaneya"]
[Result "1-0"]
[ECO "C42"]
[WhiteElo "2423"]
[BlackElo "2145"]
[Annotator "TA"]
[PlyCount "93"]
[EventDate "2022.06.16"]
[EventType "swiss"]
[EventCountry "SRB"]
[SourceTitle "playchess.com"]
[Source "ChessBase"]
[SourceQuality "1"]
[TimeControl "5400+30"]

1. e4 e5 2. Nf3 Nf6 3. Nxe5 d6 4. Nc4 Nxe4 5. Qe2 Qe7 6. Ne3 {[%emt 0:00:16] Strongly threatening Nd5.} Nc6 {[%emt 0:00:06] C42: Petroff Defence: 3 Nxe5 and unusual White 3rd moves.} 7. b3 Be6 8. Bb2 d5 {[%emt 0:01:35] [#] Black is slightly better.} 9. d3 $146 ({Predecessor:} 9. g3 h5 10. d3 Nf6 11. Nd2 O-O-O 12. Bg2 h4 13. O-O-O Qc5 14. Kb1 Qa5 15. f4 {0-1 (27) Shuvalova,P (2454)-Kashlinskaya,A (2494) Chess.com INT 2020}) 9... Nf6 {[%emt 0:03:53] And now ...d4 would win.} (9... Nd6 $5 10. d4 O-O-O $15) 10. d4 $1 Qd7 11. Nd2 Be7 12. h3 O-O 13. g4 Qd6 14. Qf3 Rad8 15. c3 Rfe8 (15... Nb8 $142) 16. Bd3 Bf8 (16... Na5 $11) 17. g5 Nd7 18. O-O-O a5 19. h4 a4 20. h5 {[%emt 0:00:47] White is more active.} (20. bxa4 Nb6 $15) (20. Qh5 g6 21. Qf3 a3 $11) (20. Nf5 Bxf5 21. Qxf5 g6 $11) 20... axb3 21. axb3 Ra8 22. Kb1 $40 {[%emt 0:10:52][%mdl 128] White attacks.} (22. Nf5 Bxf5 23. Qxf5 g6 $16) ({Better is} 22. Rdg1 $16) 22... b5 $2 ({Black should play} 22... Ne7 $14) 23. Nf5 $1 $18 (23. Bxb5 Reb8 24. Bd3 Nd8 $16) 23... Bxf5 24. Qxf5 g6 25. hxg6 hxg6 {[%emt 0:00:22] [#]} 26. Rh8+ $3 Kxh8 27. Qxf7 {[%emt 0:00:10] White wants to mate with Rh1+.} Qh2 {[%emt 0:01:17] Inhibits Rh1.} 28. Qxd7 (28. Qxd5 $18 {is the precise move to win. aiming for Rh1.} Ne7 29. Qxd7) 28... Ne7 $16 29. Qg4 {[%emt 0:02:04][%mdl 1024] White has strong compensation.} (29. Qxb5 $6 c6 30. Qb7 Qd6 $11) 29... Qd6 $2 (29... Qh5 $16 {was necessary.} 30. Qxh5+ gxh5) 30. Nf3 $18 (30. Bxb5 $6 c6 31. Bd3 Kg8 $16) 30... Nc6 $2 (30... Qa6 $2 31. Rh1+ Kg8 32. Bxb5 $1 $18 ) (30... Kg8 {might work better.} 31. Ne5 Bg7) 31. Rh1+ Kg8 32. Qh3 Bg7 33. Qh7+ Kf7 {[%emt 0:00:06] ...Rh8 is the strong threat.} 34. Nh4 $2 {[%emt 0:00:59] Really sharp!} (34. Rh6 Re6 35. Rh4 (35. Bxb5 $2 Qf4 $19) 35... Rh8 36. Ne5+ Nxe5 37. Rf4+ Ke8 38. Qxg7 (38. Bxb5+ $2 Nc6 $19) 38... Rh1+ 39. Kc2 Nxd3 40. Qg8+ Kd7 41. Rf7+ Re7 $19) (34. Rh4 $1 $18 {and the rest is easy.}) 34... Re6 $2 {[%emt 0:01:11][%mdl 8192] [#]} (34... Rh8 $16 35. Qxg6+ (35. Bxg6+ $2 Kf8 $19) 35... Qxg6 36. Bxg6+ Kg8) 35. Rh3 $1 Qf4 {[%emt 0:08:37] ( -> ...Re1+)} 36. Bxg6+ Kf8 37. Rf3 Re1+ 38. Kc2 Re2+ 39. Kb1 (39. Kd1 $142 Qxf3 40. Nxf3 Rxb2 41. Bc2) 39... Re1+ {[%emt 0:00:10] [#]} 40. Bc1 $1 {[%emt 0:02:39][%mdl 512] White is clearly winning.} Rxc1+ 41. Kb2 Qxf3 42. Nxf3 Rca1 43. Bb1 {[%emt 0:00:37] Hoping for Qf5+.} b4 44. Qf5+ Ke7 45. Qg6 bxc3+ 46. Kxc3 Rxb1 47. Qxg7+ {[%emt 0:00:12] Weighted Error Value: White=0.41/Black=0.67} 1-0